 Dungeon Crawl Stone Soup version 0.30-a0-748-ge6a52f7cba (webtiles) character file.

Game seed: 12585076479437555591

3770 Iich the Cleaver (level 9, 0/86 HPs)
             Began as a Minotaur Fighter on Feb 8, 2023.
             Slain by a yak (9 damage)
             ... on level 8 of the Dungeon.
             The game lasted 00:09:21 (7249 turns).

Iich the Cleaver (Minotaur Fighter)                 Turns: 7249, Time: 00:09:22

Health: 0/86       AC: 12    Str: 21    XL:     9   Next: 94%
Magic:  8/8        EV:  7    Int:  5    God:
Gold:   510        SH:  5    Dex: 14    Spells: 8/8 levels left

rFire   . . .      SeeInvis .    a - +0 war axe
rCold   . . .      Faith    .    c - +0 buckler
rNeg    . . .      Spirit   .    D - +0 chain mail
rPois   .          Reflect  .    (helmet restricted)
rElec   .          Harm     .    w - +0 cloak
rCorr   .          Rampage  .    u - +0 pair of gloves
Will    +....                    E - +0 pair of boots Stlth
                                 (no amulet)
HPRegen 0.34/turn                t - ring of willpower
MPRegen 0.11/turn                (no ring)

@: no status effects
A: horns 2, retaliatory headbutt
a: no special abilities


You were on level 8 of the Dungeon.
You visited 2 branches of the dungeon, and saw 10 of its levels.

You collected 510 gold pieces.

Inventory:

Hand Weapons
 a - a +0 war axe (weapon)
Missiles
 B - a curare-tipped dart (quivered)
Armour
 b - a +0 scale mail
 c - a +0 buckler (worn)
 u - a +0 pair of gloves (worn)
 w - a +0 cloak (worn)
 D - a +0 chain mail (worn)
 E - a +0 pair of boots (worn)
Jewellery
 r - a ring of ice
 t - a ring of willpower (left hand)
Wands
 e - a wand of flame (13)
 f - a wand of charming (7)
 h - a wand of mindburst (7)
 s - a wand of roots (9)
Scrolls
 g - 2 scrolls of immolation
 i - a scroll of amnesia
 l - a scroll of vulnerability
 n - a scroll of silence
 q - 2 scrolls of fog
 x - a scroll of enchant weapon
 y - a scroll of fear
Potions
 d - 2 potions of might
 j - a potion of degeneration {unknown}
 k - a potion of cancellation {unknown}
 m - a potion of brilliance
 o - a potion of attraction {unknown}
 p - a potion of resistance {unknown}
 v - a potion of flight
 z - a potion of curing
 A - a potion of ambrosia {unknown}
 C - a potion of haste {unknown}


   Skills:
 + Level 10.5 Fighting
 * Level 13.9 Axes
 - Level 3.6 Armour
 - Level 3.6 Shields


You had 8 spell levels left.
You didn't know any spells.
Your spell library contained the following spells:

 Spells                   Type           Power      Damage    Failure   Level
 Kindle Blastsparks       Fire/Tloc/Air  0%         2d10      100%        3
 Anguish                  Hex/Necr       0%         N/A       100%        4
 Fulminant Prism          Conj/Hex       0%         3d5       100%        4
 Iskenderun's Mystic Bla  Conj/Tloc      0%         2d3       100%        4
 Petrify                  Tmut/Erth      0%         N/A       100%        4
 Iskenderun's Battlesphe  Conj           0%         2d6       100%        5
 Lee's Rapid Deconstruct  Erth           0%         3d4*      100%        5
 Iron Shot                Conj/Erth      0%         9d1       100%        6
 Spellforged Servitor     Conj/Summ      0%         N/A       100%        7


Dungeon Overview and Level Annotations

Branches:
Dungeon (9/15)             Temple (1/1) D:4            Lair (0/5) D:8
    Orc: D:9-12

Altars:
Ashenzari
Dithmenos
Elyvilon
Fedhas
Makhleb
Nemelex Xobeh
Okawaru
Qazlal
Ru
Sif Muna
Trog
Uskayaw
Vehumet
Wu Jian
Xom
Yredelemnul
Zin
The Shining One

Annotations:
D:4 2 transporters, Grognak's ghost, amateur MiFi
D:8 Maggie


Innate Abilities, Weirdness & Mutations

You have a pair of horns on your head.
You reflexively headbutt those who attack you in melee.


Message History

Look: a yak (heavily wounded, chance to affect: 97%)
As you read the scroll of fear, it crumbles to dust.
You assume a fearsome visage.
Maggie looks frightened!
The kobold brigand looks frightened!
The yak looks frightened!
The yak looks frightened! x2
Maggie screams, "Help!"
Maggie nearly stumbles in trying to escape.
The yak bellows!
There is a stone staircase leading down here.
You climb downwards.
The two-headed ogre shouts in stereo!
There is a stone staircase leading up here.
You climb upwards.
Level annotation: Maggie The yak seems to regain its courage.
The yak gores you but does no damage.
There is a stone staircase leading down here.
You hit the yak.
The yak is lightly wounded.
The yak gores you.
* * * LOW HITPOINT WARNING * * *
You completely miss the yak.
The yak is lightly wounded.
The yak gores you but does no damage.
You hit the yak but do no damage.
The yak is lightly wounded.
You block the yak's attack.
You slice the yak!! You headbutt the yak!
The yak is almost dead.
You block the yak's attack. The yak attacks as you move away!
The yak gores you but does no damage.
Things that are here:
a +0 robe; a +3 halberd The yak gores you!
* * * LOW HITPOINT WARNING * * *
Things that are here:
a +0 leather armour; a +0 short sword The yak attacks as you move away!
The yak gores you but does no damage. The yak attacks as you move away!
The yak gores you!
You die...

# #.##...~~..#####.#
.. #.##..~~..##
#.#####
#.###.##...~~.#
#......
#...<.##..~~..#
#######
###....).~~...#
#####)[.....#
###..#### #.#########
#.##
.....?....######@#####
#.....[..Y.Y.....#
#.#.##[.#Y###.####.# #
.#.#.##..##..######.#
#
.....#........#..##.##
# #...........# #..# #
#....Y..>...# #.># #
#.#........## #.## #
#.#........##
#.############


You could see 3 yaks.

Vanquished Creatures
  Pikel (D:8)
  Psyche (D:8)
  2 steam dragons
  Menkaure (D:5)
  3 orc warriors (D:7)
  3 black bears
  2 ice beasts
  2 ogres
  3 lemures (D:8)
  2 kobold brigands (D:7)
  2 bullfrogs
  A scorpion (D:6)
  2 necrophages
  7 wights
  2 howler monkeys (D:5)
  A crimson imp (D:4)
  4 orc priests
  3 hounds
  3 jellies
  2 iguanas
  10 orc wizards
  3 gnolls (D:3)
  6 adders
  A shadow imp (D:6)
  A worm (D:2)
  7 dart slugs
  34 orcs
  9 endoplasms
  6 giant cockroaches
  2 goblins
  8 hobgoblins
  2 quokkas
  5 ball pythons
  7 bats
  3 frilled lizards
  11 kobolds
  5 rats
167 creatures vanquished.

Vanquished Creatures (others)
  An orc wizard (D:7)
1 creature vanquished.

Grand Total: 168 creatures vanquished

Notes
Turn   | Place    | Note
-------+----------+-------------------------------------------
     0 | D:1      | Iich the Minotaur Fighter began the quest for the Orb.
     0 | D:1      | Reached XP level 1. HP: 19/19 MP: 0/0
    53 | D:1      | Reached skill level 3 in Axes
    54 | D:1      | Reached XP level 2. HP: 24/27 MP: 1/1
   600 | D:2      | Reached XP level 3. HP: 33/33 MP: 2/2
   747 | D:2      | Reached skill level 4 in Axes
   799 | D:2      | Found a hide-covered altar of Uskayaw.
  1212 | D:3      | Noticed a necrophage
  1219 | D:3      | Killed a necrophage
  1220 | D:3      | Reached skill level 5 in Axes
  1220 | D:3      | Reached XP level 4. HP: 41/41 MP: 3/3
  1288 | D:3      | Found a hide-covered altar of Uskayaw.
  1396 | D:3      | Reached XP level 5. HP: 45/47 MP: 4/4
  1400 | D:3      | Reached skill level 5 in Fighting
  1576 | D:3      | Reached skill level 6 in Axes
  1951 | D:4      | Found a transporter.
  1955 | D:4      | Noticed Grognak's ghost (amateur MiFi)
  1977 | D:4      | Found a transporter.
  2062 | D:4      | Found a staircase to the Ecumenical Temple.
  2079 | Temple   | Entered the Ecumenical Temple
  2162 | D:4      | Found an iron altar of Okawaru.
  2332 | D:4      | Found a bloodstained altar of Trog.
  2354 | D:4      | Reached XP level 6. HP: 56/56 MP: 5/5
  2488 | D:4      | Got the Spellbook of Changing Glamour
  2589 | D:4      | Found a burning altar of Makhleb.
  2589 | D:4      | Found a radiant altar of Vehumet.
  2642 | D:5      | Entered Level 5 of the Dungeon
  2670 | D:5      | Reached skill level 7 in Axes
  2673 | D:5      | Noticed Menkaure
  2677 | D:5      | Killed Menkaure
  2841 | D:5      | Reached skill level 8 in Axes
  2841 | D:5      | Reached XP level 7. HP: 22/64 MP: 6/6
  3074 | D:5      | Found a blossoming altar of Fedhas.
  3406 | D:5      | Found a shadowy altar of Dithmenos.
  3489 | D:5      | Reached skill level 9 in Axes
  3533 | D:5      | Found a sparkling altar of Nemelex Xobeh.
  3750 | D:6      | Reached XP level 8. HP: 73/73 MP: 7/7
  3942 | D:6      | Reached skill level 10 in Axes
  4721 | D:7      | Reached skill level 11 in Axes
  4820 | D:7      | Found a basalt altar of Yredelemnul.
  4823 | D:7      | Noticed a profane servitor
  5123 | D:7      | Found a transporter.
  5140 | D:7      | Reached XP level 9. HP: 45/82 MP: 8/8
  5387 | D:7      | Reached skill level 12 in Axes
  5634 | D:7      | Found a transporter.
  5693 | D:7      | Found a glowing golden altar of the Shining One.
  5695 | D:7      | Noticed an angel
  6564 | D:8      | Found a staircase to the Lair.
  6584 | D:8      | Noticed Psyche
  7033 | D:8      | Killed Psyche
  7034 | D:8      | Reached skill level 10 in Fighting
  7034 | D:8      | Reached skill level 13 in Axes
  7201 | D:8      | Noticed Pikel
  7203 | D:8      | Noticed Maggie
  7214 | D:8      | Killed Pikel
  7229 | D:9      | Noticed a two-headed ogre
  7249 | D:8      | Slain by a yak

Illustrated notes

Levels and vault maps discovered:
D:1:      dpeg_arrival_pits, layout_loops_cross
D:2:      layout_basic, basic_altar
D:3:      layout_rooms, nicolae_uskayaw_dance_hall
D:4:      layout_loops_ring, grunt_temple_overflow_lords_of_destruction,
          lemuel_tele_altar, okawaru_trees_1, minmay_temple_entry_poolview,
          gammafunk_ghost_arena
D:5:      layout_loops_cross, kennysheep_mini_moat, general_overflow_altar,
          nemelex_spade_bored_becter, dk_rats_in_the_wall, uniq_menkaure
D:6:      layout_rooms, hex_tiny
D:7:      gammafunk_beogh_shrine, layout_loops_ring,
          grunt_temple_overflow_holy_war, serial_co_window_serial,
          co_window_corner_a, co_window_corner_a, co_window_paths_b,
          co_window_cross_1, co_window_of_opportunity_a, co_window_2corner,
          co_window_of_opportunity_b, co_window_corner_cb, co_window_broadway_a
D:8:      layout_loops_ring, lair_entry_dummy, st_stairs_5, dk_vineyard_3,
          uniq_psyche, uniq_pikel, uniq_maggie
D:9:      layout_loops_ring, kiku_gazebo_pond_becter, minmay_fire_ice_demons
Temple:   nicolae_temple_ecumenical_triangle

Skill      XL: |  1  2  3  4  5  6  7  8  9 |
---------------+----------------------------+-----
Axes           | 3 5 6 8 9 11 13 | 13.9
Fighting       | 4 5 6 7 8 10 | 10.5
Armour         | |  3.6
Shields        | |  3.6

Action                     |  1- 3 |  4- 6 |  7- 9 || total
---------------------------+-------+-------+-------++-------
  Melee: War axe           |    57 |   110 |   228 ||   395
         Headbutt          |     9 |    14 |    48 ||    71
  Evoke: Wand              |       |       |     6 ||     6
    Use: Scroll            |     2 |     4 |     7 ||    13
         Potion            |       |     1 |     5 ||     6
 Armour: Scale mail        |    26 |    34 |    94 ||   154
         Chain mail        |       |       |    11 ||    11
  Dodge: Dodged            |    35 |    44 |    87 ||   166
  Block: Buckler           |    15 |    16 |    50 ||    81

Table legend: (Time is in decaauts)
 A = Elapsed time spent in this place.
 B = Non-inter-level travel time spent in this place.
 C = Inter-level travel time spent in this place.
 D = Time resting spent in this place.
 E = Time spent auto-exploring this place.
 F = Levels seen in this place.
 G = Mean time per level.
                   A        B        C        D        E       F      G
               +--------+--------+--------+--------+--------+-----+--------+
         Total |   7293 |   7128 |    165 |    790 |   5178 |  10 |  729.3 |
       Dungeon |   7239 |   7074 |    165 |    790 |   5148 |   9 |  804.3 |
        Temple |     53 |     53 |      0 |      0 |     30 |   1 |   53.0 |
               +--------+--------+--------+--------+--------+-----+--------+

Top non-repeatable levels by time:
     D:7: 2478 daAuts
     D:5: 1100 daAuts
     D:4: 739 daAuts
     D:6: 666 daAuts
     D:3: 658 daAuts
     D:2: 645 daAuts
     D:1: 585 daAuts
     D:8: 363 daAuts
  Temple: 53 daAuts
     D:9: 2 daAuts
